Workbook
Name PS2Criterion1: [1]Lists!$C$3:INDEX([1]Lists!$C$3:$C$10,COUNTIF([1]Lists!$C$3:$C$10,"?*"))
Name PS2Criterion1: [2]Lists!$C$3:INDEX([2]Lists!$C$3:$C$10,COUNTIF([2]Lists!$C$3:$C$10,"?*"))
Name PS2Criterion2: [1]Lists!$C$12:INDEX([1]Lists!$C$12:$C$18,COUNTIF([1]Lists!$C$12:$C$18,"?*"))
Name PS2Criterion2: [2]Lists!$C$12:INDEX([2]Lists!$C$12:$C$18,COUNTIF([2]Lists!$C$12:$C$18,"?*"))
Name PS5Criterion1: [1]Lists!$C$21:INDEX([1]Lists!$C$21:$C$26,COUNTIF([1]Lists!$C$21:$C$26,"?*"))
Name PS5Criterion1: [2]Lists!$C$21:INDEX([2]Lists!$C$21:$C$26,COUNTIF([2]Lists!$C$21:$C$26,"?*"))
Name PS5Criterion2: [1]Lists!$C$28:INDEX([1]Lists!$C$28:$C$33,COUNTIF([1]Lists!$C$28:$C$33,"?*"))
Name PS5Criterion2: [2]Lists!$C$28:INDEX([2]Lists!$C$28:$C$33,COUNTIF([2]Lists!$C$28:$C$33,"?*"))
Name PS5Criterion3: [1]Lists!$C$35:INDEX([1]Lists!$C$35:$C$39,COUNTIF([1]Lists!$C$35:$C$39,"?*"))
Name PS5Criterion3: [2]Lists!$C$35:INDEX([2]Lists!$C$35:$C$39,COUNTIF([2]Lists!$C$35:$C$39,"?*"))
Name PS6Criterion1: [1]Lists!$C$42:INDEX([1]Lists!$C$42:$C$47,COUNTIF([1]Lists!$C$42:$C$47,"?*"))
Name PS6Criterion1: [2]Lists!$C$42:INDEX([2]Lists!$C$42:$C$47,COUNTIF([2]Lists!$C$42:$C$47,"?*"))
Name PS7Criterion1: [3]Lists!$C$50:INDEX([3]Lists!$C$50:$C$55,COUNTIF([3]Lists!$C$50:$C$55,"?*"))
Name PS7Criterion1: [2]Lists!$C$50:INDEX([2]Lists!$C$50:$C$55,COUNTIF([2]Lists!$C$50:$C$55,"?*"))
Name rating: '[4]Appr. Instr. Principal (D2)'!#REF!

Sheet Cover Sheet
A1: QMS APPRAISAL INSTRUMENT FOR EDUCATORS ON POST LEVEL 2
A2: DEPARTMENTAL HEAD
A4: 1 | B4: Introduction
A5: 1.1 | B5: The appraisal of Departmental Heads (Post Level 2) must be conducted twice during the year, using the approved instrument provided in this section.
A6: 1.2 | B6: 1.2 The two appraisals are conducted as follows: ○ Mid-Year, and ○ Annual
A7: 2 | B7: QMS Work Plan and instrument
A8: 2.1 | B8: The QMS Work Plan (Annexure B 1) and QMS instrument (Annexure B 2) must be completed for each Departmental Head.
A9: 2.2 | B9: The QMS Work Plan and instrument should also be used for purposes of self- appraisal, the mid-year appraisal and annual appraisal.
A10: 2.3 | B10: All Departmental Heads are required to complete a Work Plan at the beginning of each evaluation cycle.
A11: 2.4 | B11: A Departmental Head is evaluated on 6 Performance Standards;
A12: 2.5 | B12: The Performance Standards in the instrument form the core elements of the job description for Departmental Head.
A13: 2.6 | B13: The criteria form the key deliverables for each Performance Standard.
A14: 2.7 | B14: The desired outcome/key objective of each criteria has been pegged with a maximum rating of 4.
A15: 2.8 | B15: A rating that is less than the desired outcome will be influenced by the following factors:
B16: ○ There is no or insufficient evidence of a particular desired activity
B17: ○ The desired activity is infrequent
B18: ○ The desired activity is frequent but of poorer quality than desired;
B19: ○ The desired activity is infrequent and of poor quality; and
B20: ○ The desired activity may be frequent and of reasonable quality but is impacted by a negative attitude
A21: 3 | B21: PERFORMANCE STANDARDS
A22: Table 1 below shows the 6 Performance Standards, the criteria and the desired outcome for PL 2 educators.
A23: TABLE 2: PERFORMANCE STANDARDS, CRITERIA AND DESIRED OUTCOMES FOR PL 2 EDUCATORS
A24: No. | B24: Performance Standard | C24: Criteria | E24: The desired outcome
A25: 1 | B25: Creation of a positive learning environment | C25: Learning and teaching environment | E25: The use of learning and teaching environment enables all learners to be productively engaged in individual and cooperative learning.
C26: Classroom Management | E26: Time and available resources are managed to promote optimal learning and teaching for all learners. Activities are efficiently supervised. Learners work together with the educator towards the achievement of relevant learning outcomes.
A27: 2 | B27: Curriculum knowledge, lesson planning and presentation | C27: Knowledge of subject | E27: Uses expert knowledge, in addition to Outcomes and Assessment Standards, to promote learner interest and research in the specific Learning Area/Subject.
C28: Planning and presentation | E28: Effective use of planning instruments leads towards a higher form of learning/ understanding.
C29: Management of work schedule | E29: Excellent management of content and context within the timeframes stipulated in the Work Schedule accompanied by relevant intervention strategies.
C30: Record keeping | E30: Records are meticulously maintained and analyzed to diagnose learner needs and teaching effectiveness. Records are used to adjust teaching strategies and improve learner achievement
A31: 3 | B31: Learner assessment and achievement | C31: Feedback to learners | E31: Provides feedback using a variety of strategies. Uses remedial and enrichment measures that instill confidence in learners to achieve intended learning outcomes.
C32: Knowledge and application of forms of assessment | E32: Knows and uses a range of forms of assessment techniques to continuously maximise learner achievement. Methods of assessment are used to raise the standards of teaching and learning.
C33: Learner Progress and achievement | E33: Learners optimally achieve the relevant Learning Area/ Subject outcomes. Assessment results show outstanding levels of competence and achievement.
A34: 4 | B34: Professional development | C34: Participation in Continuous professional development | E34: Participates fully and takes a leading role in initiating and delivering professional development activities.
C35: Educator professionalism | E35: Educator is exemplary and truly displays the purpose and intent of the educators’ code of professional ethics.
A36: 5 | B36: Extra-mural and co-curricular participation | C36: Participation in extra-mural and co-curricular activities | E36: Networks with relevant stakeholders and encourages development of extra-mural or co-curricular activities.
A37: 6 | B37: Management of curriculum | C37: Providing leadership, mentoring, support and development | E37: Regular classroom visits provide clear, valuable, guidance, support and constructive feedback to educators.
C38: Administration of resources and records | E38: Efficient utilization and updating of resources, furniture and equipment are in good condition and well-maintained. Policy for furniture and equipment is implemented. Register for assets are well maintained.
C39: Decision-making and accountability | E39: Consults, accepts total responsibility for all decisions even if they are proved to be wrong. Decisions are often proactive rather than reactive. Arrives at decisions creatively.
C40: Policy development and implementation | E40: Policies are developed through wide consultation and according to the needs of the school. Implementation of both internal and external school policies is consistent and supports teaching and learning. Full compliance with policies at all levels
A41: 4. Rating Scale, Descriptor, scores and percentages:
A42: 4.1 Post Level 2 Educators
A43: •A 4 point rating scale is used when completing the instrument.
A44: RATING | B44: DESCRIPTOR | F44: SCORE RANGE | H44: PERCENTAGE
A45: 1 | B45: Unacceptable: The level of performance does not meet minimum expectations and requires urgent intervention and support | F45: 0 – 113 | H45: 0% - 49%
A46: 2 | B46: Acceptable: Satisfies minimum expectations. The level of performance is acceptable and is in line with the minimum expectations, but development and support are still required | F46: 114 – 159 | H46: 50% - 69%
A47: 3 | B47: Good: Performance meets expectations, but some areas are still in need of development and support | F47: 160 – 193 | H47: 70% - 84%
A48: 4 | B48: Outstanding: Performance exceeds expectations. Although performance is outstanding, continuous self-development and improvement are advised. | F48: 194 – 228 | H48: 85% - 100%

Sheet Work Plan (B1)
A2: QMS WORK-PLAN (PL 2: Departmental Head): Year | C2: 2022 | F2: Annexure B 1
A3: NAME | E3: SCHOOL
A4: PERIOD | E4: DESIGNATION
A5: SUPERVISOR | E5: DESIGNATION
A8: PERFORMANCE STANDARD | B8: KEY ACTIVITIES | D8: TARGETS | E8: TIME- FRAME | F8: PERFORMANCE INDICATORS | G8: CONTEXTUAL FACTORS
A9: 6. Management of the Curriculum | B9: Criterion 1: Providing leadership, mentoring, support and development
B10: Criterion 2: Administration of resources and records
B11: Criterion 3: Decision-making and accountability
B12: Criterion 4: Policy Development and implementation
A14: AGREED (Signatures):
A16: Name | C16: Designation | D16: Signature | G16: Date
C17: Departmental Head
C18: Deputy Principal/Principal
C20: School Stamp

Sheet Appr Instr (B2)
E1: Annexure B 2
A2: QUALITY MANAGEMENT SYSTEM (QMS) DEPARTMENTAL HEAD : POST LEVEL 2
A3: Section A: EDUCATOR AND SCHOOL INFORMATION
A5: 1. APPRAISEE
A7: Surname | D7: First names
A8: Designation | D8: Persal number
A9: Highest Qualification | D9: Specialization in subject domain
A10: Grade / Subjects taught during current appraisal year
A12: 2. APPRAISER
A14: Surname | D14: First names
A15: Designation | D15: Persal number
A17: 3. SCHOOL
A19: Name of school | D19: Province
A20: Circuit/district | D20: Principal’s name
A21: Telephone | D21: Cell No
A23: 4. EDUCATOR’S BRIEF JOB DESCRIPTION (Subjects/Grades/Key areas of responsibility, etc)
A25: Teaching and assessment responsibilities | C25: Extra-mural activities | D25: Management and Administrative duties | E25: Other: (Please specify)
A28: SECTION B: APPRAISAL
A29: Educator to be rated by selecting or entering a value between 1-4 for each descriptor
A30: PERFORMANCE STANDARD 1: CREATION OF A POSITIVE LEARNING AND TEACHING ENVIRONMENT
A32: Criterion 1: Learning and teaching environment | D32: Mid-Year | E32: Annual
A33: a. | B33: Seating arrangement promotes effective teaching and learning
A34: b. | B34: Classroom is tidy and clean
A35: c. | B35: Teaching and learning support material (eg. charts) are displayed and used in the classroom.
A36: Sub-total | E36: =SUM(E33:E35) -> 0
A38: Criterion 2: Classroom Management | D38: Mid-Year | E38: Annual
A39: a. | B39: Is punctual and organized in class
A40: b. | B40: Ensures that learners are punctual and settle down quickly
A41: c. | B41: Communication between educator and learners reflects mutual respect, cooperation and understanding
A42: d. | B42: Manages discipline effectively
A43: Sub-total | E43: =SUM(E39:E42) -> 0
A44: Total Performance Standard | E44: =E36+E43 -> 0
A45: Comments
A46: Mid-Year
A47: Annual
A49: PERFORMANCE STANDARD 2: CURRICULUM, KNOWLEDGE, LESSON PLANNING AND PRESENTATION
A51: Criterion 1: Knowledge of subject | D51: Mid-Year | E51: Annual
A52: a. | B52: Has adequate subject knowledge and uses it effectively
A53: b. | B53: Sets appropriate tasks for learners at the level of the grade
A54: c. | B54: Uses a variety of examples, LTSM and other teaching resources to facilitate learning
A55: Sub-total | E55: =SUM(E52:E54) -> 0
A57: Criterion 2: Planning and presentation | D57: Mid-Year | E57: Annual
A58: a. | B58: Lesson is logical, coherent and meaningful to learners
A59: b. | B59: Lesson is built on past knowledge and experience of learners
A60: c. | B60: Time is well-managed during lesson presentation
A61: d.. | B61: Encourages interactive learning including class discussions, learner questions and demonstrations
A62: e. | B62: Responds appropriately to learner questioned and inputs
A63: Sub-total | E63: =SUM(E58:E62) -> 0
A65: Criterion 3: Management of work schedule | D65: Mid-Year | E65: Annual
A66: a. | B66: Pace of the work is in line with time frames stipulated in the work schedule
A67: b. | B67: Number of tasks and activities are in line with NCS/CAPS
A68: Sub-total | E68: =SUM(E66:E67) -> 0
A70: Criterion 4: Record keeping | D70: Mid-Year | E70: Annual
A71: a. | B71: File/files neatly kept, organized and updated regularly
A72: b. | B72: Records of learner assessments are neatly kept, organized and updated regularly
A73: Sub-total | E73: =SUM(E71:E72) -> 0
A74: Total Performance Standard | E74: =E73+E68+E63+E55 -> 0
A75: Comments
A76: Mid-Year
A77: Annual
A79: PERFORMANCE STANDARD 3: LEARNER ASSESSMENT AND ACHIEVEMENT
A81: Criterion 1: feedback to learners | D81: Mid-Year | E81: Annual
A82: a. | B82: Assessment tasks are marked and returned to learners timeously
A83: b. | B83: Feedback is meaningful and regular
A84: c. | B84: Feedback is incorporated in future lesson planning
A85: Sub-total | E85: =SUM(E82:E84) -> 0
A87: Criterion 2: Knowledge and application of forms of assessment | D87: Mid-Year | E87: Annual
A88: a. | B88: Uses different forms of assessment in line with CAPS to test learner performance
A89: b. | B89: Intervention strategies accommodates learners with various learning abilities
A90: Sub-total | E90: =SUM(E88:E89) -> 0
A92: Criterion 3: Learner progress and achievement | D92: Mid-Year | E92: Annual
A93: a. | B93: Learner results of various forms of assessment show that they are attaining the set outcomes
A94: b. | B94: Remedial/Enrichment work supports learner progress
A95: Sub-total | E95: =SUM(E93:E94) -> 0
A96: Total Performance Standard | E96: =E95+E90+E85 -> 0
A97: Comments
A98: Mid-Year
A99: Annual
A101: PERFORMANCE STANDARD 4: PROFESSIONAL DEVELOPMENT
A103: Criterion 1: Participation in continuous professional development | D103: Mid-Year | E103: Annual
A104: a. | B104: Engage in on-going self reflection and has set clear targets for development
A105: b. | B105: Attends and participates in activities aimed at enhancing his/her professional and pedagogical skills
A106: c. | B106: Engages in research, develops educational materials, participates in sessions to train, guide, mentor and develop colleagues
A107: Sub-total | E107: =SUM(E104:E106) -> 0
A109: Criterion 2: Educator professionalism | D109: Mid-Year | E109: Annual
A110: a. | B110: Comes to school regularly and on time
A111: b. | B111: Is always neatly dressed and presentable
A112: c. | B112: Conducts lessons as expected in line with the school time-table
A113: d. | B113: Adheres to deadline e.g. marking, learner report cards, schedules, completion of tasks, etc
A114: e. | B114: Contributes positively towards school development and advancement
A115: f. | B115: Maintains good relations with stakeholders
A116: Sub-total | E116: =SUM(E110:E115) -> 0
A117: Total Performance Standard | E117: =E116+E107 -> 0
A118: Comments
A119: Mid-Year
A120: Annual
A122: PERFORMANCE STANDARD 5: EXTRA-MURAL AND CO-CURRICULAR PARTICIPATION
A124: Criterion 1: Participation in extra-mural and co-curricular activities | D124: Mid-Year | E124: Annual
A125: a. | B125: Keeps updated inventory/ register equipment under his/her care
A126: b. | B126: Manages and takes good care of equipment and facilities
...

Sheet Comp Score (B3)
E1: Annexure B 3
A2: QUALITY MANAGEMENT SYSTEM (QMS) COMPOSITE SCORE SHEET: DEPARTMENTAL HEAD
A3: (To be submitted to the District Office by the end of the 4th Quarter)
A4: Date
A5: Surname | C5: ='Appr Instr (B2)'!C7 -> 0 | D5: First Name | E5: ='Appr Instr (B2)'!E7 -> 0
A6: Persal Number | C6: ='Appr Instr (B2)'!E8 -> 0
A7: School | C7: ='Appr Instr (B2)'!C19 -> 0
A9: No. | B9: Performance Standard | D9: Maximum Score | E9: Educator Score
A10: 1 | B10: Creation of a positive learning and teaching environment | D10: 28 | E10: ='Appr Instr (B2)'!E44 -> 0
A11: 2 | B11: Curriculum, knowledge, lesson planning and presentation | D11: 48 | E11: ='Appr Instr (B2)'!E74 -> 0
A12: 3 | B12: Learner assessment and achievement | D12: 28 | E12: ='Appr Instr (B2)'!E96 -> 0
A13: 4 | B13: Professional development | D13: 36 | E13: ='Appr Instr (B2)'!E117 -> 0
A14: 5 | B14: Extra-mural and co-curricular participation | D14: 12 | E14: ='Appr Instr (B2)'!E129 -> 0
A15: 6 | B15: Management of the curriculum | D15: 76 | E15: ='Appr Instr (B2)'!E166 -> 0
A16: Total | D16: =SUM(D10:D15) -> 228 | E16: =SUM(E10:E15) -> 0
A17: PERCENTAGE (Educator Score ÷ 228) x 100 = | E17: =E16/D16 -> 0
A19: Comments (Strengths and areas for development):
A21: Select a statement
A22: Signatures:
A23: Name of Appraisee - Educator/ Departmental Head
A24: Signature & Date :
A25: Name of Appraiser - Supervisor/Principal /Deputy Principal
A26: Signature & Date :
A27: Name of Resource Person (Optional):
A28: Signature & Date
A29: Validated by
A30: Principal
A31: Signature & Date:
C33: SCHOOL STAMP

Sheet Less Ob Instr (E2)
F2: Annexure E2
C4: Lesson Observation Instrument (LOI) | E4: Post level 2: Departmental Head
C6: Educator's Surname & Name: | E6: Subject
C7: Grade:
C8: Persal Number: | E8: Topic
C9: Lesson observed by:
C11: PERFORMANCE STANDARD 1 | D11: CREATION OF A POSITIVE LEARNING AND TEACHING ENVIRONMENT | G11: Mid-Year | L11: Annual
C12: Criterion 1: Learning and teaching environment | D12: Mid-Year Remarks | E12: Annual Remarks | G12: Rating | L12: Rating
B13: a | C13: Seating arrangement promotes effective teaching and learning | G13: 1 | H13: 2 | I13: 3 | J13: 4
L14: 1 | M14: 2 | N14: 3 | O14: 4
B15: b | C15: Classroom is tidy and clean | G15: 1 | H15: 2 | I15: 3 | J15: 4
L16: 1 | M16: 2 | N16: 3 | O16: 4
B17: c | C17: Teaching and learning support material (e.g. charts) are displayed and used in the classroom. | G17: 1 | H17: 2 | I17: 3 | J17: 4
L18: 1 | M18: 2 | N18: 3 | O18: 4
C19: Criterion 2: Classroom Management
B20: a | C20: Is punctual and organized in class | G20: 1 | H20: 2 | I20: 3 | J20: 4
L21: 1 | M21: 2 | N21: 3 | O21: 4
B22: b | C22: Ensures that learners are punctual and settle down quickly | G22: 1 | H22: 2 | I22: 3 | J22: 4
L23: 1 | M23: 2 | N23: 3 | O23: 4
B24: c | C24: Communication between educator and learners reflects mutual respect, cooperation and understanding | G24: 1 | H24: 2 | I24: 3 | J24: 4
L25: 1 | M25: 2 | N25: 3 | O25: 4
B26: d | C26: Manages discipline effectively | G26: 1 | H26: 2 | I26: 3 | J26: 4
L27: 1 | M27: 2 | N27: 3 | O27: 4
B28: TOTAL
C30: PERFORMANCE STANDARD 2 | D30: CURRICULUM KNOWLEDGE, LESSON PLANNING AND PRESENTATION | G30: Mid-Year | L30: Annual
C31: Criterion 1: Knowledge of subject | D31: Mid-Year Remarks | E31: Annual Remarks | G31: Rating | L31: Rating
B32: a | C32: Has adequate subject knowledge and uses it effectively | G32: 1 | H32: 2 | I32: 3 | J32: 4
L33: 1 | M33: 2 | N33: 3 | O33: 4
B34: b | C34: Sets appropriate tasks for learners at the level of the Grade | G34: 1 | H34: 2 | I34: 3 | J34: 4
L35: 1 | M35: 2 | N35: 3 | O35: 4
B36: c | C36: Uses a variety of examples, LTSM and other teaching resources to facilitate learning | G36: 1 | H36: 2 | I36: 3 | J36: 4
L37: 1 | M37: 2 | N37: 3 | O37: 4
C38: Criterion 2: Planning and presentation
B39: a | C39: Lesson is logical, coherent and meaningful to learners | G39: 1 | H39: 2 | I39: 3 | J39: 4
L40: 1 | M40: 2 | N40: 3 | O40: 4
B41: b | C41: Lesson is built on past knowledge and experience of learners | G41: 1 | H41: 2 | I41: 3 | J41: 4
L42: 1 | M42: 2 | N42: 3 | O42: 4
B43: c | C43: Time is well-managed during lesson presentation | G43: 1 | H43: 2 | I43: 3 | J43: 4
L44: 1 | M44: 2 | N44: 3 | O44: 4
B45: d | C45: Encourages interactive learning including class discussions, learner questions and demonstrations | G45: 1 | H45: 2 | I45: 3 | J45: 4
L46: 1 | M46: 2 | N46: 3 | O46: 4
B47: e | C47: Responds appropriately to learner questions and inputs | G47: 1 | H47: 2 | I47: 3 | J47: 4
L48: 1 | M48: 2 | N48: 3 | O48: 4
C49: Criterion 3: Management of work schedule
B50: a | C50: Pace of the work is in line with time frames stipulated in the work schedule | G50: 1 | H50: 2 | I50: 3 | J50: 4
L51: 1 | M51: 2 | N51: 3 | O51: 4
B52: b | C52: Number of tasks and activities are in line with NCS/CAPS | G52: 1 | H52: 2 | I52: 3 | J52: 4
L53: 1 | M53: 2 | N53: 3 | O53: 4
C54: Criterion 4: Record Keeping
B55: a | C55: File/files neatly kept, organized and updated regularly | G55: 1 | H55: 2 | I55: 3 | J55: 4
L56: 1 | M56: 2 | N56: 3 | O56: 4
B57: b | C57: Records of learner assessments are neatly kept, organized and updated regularly | G57: 1 | H57: 2 | I57: 3 | J57: 4
L58: 1 | M58: 2 | N58: 3 | O58: 4
C59: Total
C61: PERFORMANCE STANDARD 3 | D61: LEARNER ASSESSMENT AND ACHIEVEMENT | G61: Mid-Year | L61: Annual
C62: Criterion 1: Feedback to learners | D62: Mid-Year Remarks | E62: Annual Remarks | G62: Rating | L62: Rating
B63: a | C63: Assessment tasks are marked and returned to learners timeously | G63: 1 | H63: 2 | I63: 3 | J63: 4
L64: 1 | M64: 2 | N64: 3 | O64: 4
B65: b | C65: Feedback is meaningful and regular | G65: 1 | H65: 2 | I65: 3 | J65: 4
L66: 1 | M66: 2 | N66: 3 | O66: 4
B67: c | C67: Feedback is incorporated in future lesson planning | G67: 1 | H67: 2 | I67: 3 | J67: 4
L68: 1 | M68: 2 | N68: 3 | O68: 4
C69: Criterion 2: Knowledge and application of forms of assessment
B70: a | C70: Uses different forms of assessment to test learner performance | G70: 1 | H70: 2 | I70: 3 | J70: 4
L71: 1 | M71: 2 | N71: 3 | O71: 4
B72: b | C72: Intervention strategies accommodates learners with various learning abilities | G72: 1 | H72: 2 | I72: 3 | J72: 4
L73: 1 | M73: 2 | N73: 3 | O73: 4
C74: Criterion 3: Learner progress and achievement
B75: a | C75: Learner results of various forms of assessment show that they are attaining the set outcomes | G75: 1 | H75: 2 | I75: 3 | J75: 4
L76: 1 | M76: 2 | N76: 3 | O76: 4
B77: b | C77: Remedial / Enrichment work supports learner progress | G77: 1 | H77: 2 | I77: 3 | J77: 4
L78: 1 | M78: 2 | N78: 3 | O78: 4
C79: Total
B81: Total (Max Score: 36)
B83: Overall Remarks (Strengths/ Areas for development):
B84: Supervisor Mid-Year | D84: Educator Mid-Year | F84: Resource person (Optional)
B87: Signature: | D87: Signature: | F87: Sign:
B88: Date: | D88: Date: | F88: Date:
B90: Supervisor Annual | D90: Educator Annual | F90: Resource person (Optional)
B93: Signature: | D93: Signature: | F93: Sign:
B94: Date: | D94: Date: | F94: Date:
